 Dungeon Crawl Stone Soup version 0.20-a0-642-g4ff03ff (webtiles) character file.

188 zhorgal the Changer (level 5, -3/37 HPs)
             Began as a Merfolk Transmuter on Feb 14, 2017.
             Slain by Robin
             ... wielding a +1 mace of crushing
              (7 damage)
             ... on level 2 of the Dungeon.
             The game lasted 00:11:55 (2660 turns).

zhorgal the Changer (Merfolk Transmuter)            Turns: 2660, Time: 00:11:56

Health: -3/37      AC:  3    Str: 10    XL:     5   Next: 67%
Magic:  8/8        EV: 13    Int: 13    God:
Gold:   93         SH:  0    Dex: 15    Spells: 4/8 levels left

rFire    . . .     SeeInvis .   f - +3 dagger (elec)
rCold    . . .     Gourm    .   b - +1 robe
rNeg     . . .     Faith    .   (no shield)
rPois    .         Spirit   .   (no helmet)
rElec    .         Reflect  .   (no cloak)
rCorr    .         Harm     .   (no gloves)
MR       .....                  (no boots)
Stlth    +.........             (no amulet)
Regen    0.2/turn               (no ring)
MPRegen  0.2/turn               (no ring)

@: appendage
A: change form in water, swift swim, stealthy swim, horns 2
a: End Transformation


You were on level 2 of the Dungeon.
You were not hungry.
You had grown temporary horns.
You visited 1 branch of the dungeon, and saw 4 of its levels.

You collected 93 gold pieces.

Inventory:

Hand Weapons
 f - a +3 dagger of electrocution (weapon)
Missiles
 a - 12 arrows
Armour
 b - a +1 robe (worn)
 e - a +0 leather armour
 m - a +2 robe of positive energy
Jewellery
 g - a +4 ring of protection {unknown}
Wands
 s - a wand of paralysis (16/24)
Scrolls
 i - 2 scrolls of teleportation {unknown}
 o - 2 scrolls of identify {unknown}
 p - 4 scrolls of remove curse
 q - a scroll of magic mapping {unknown}
 t - a scroll of fear {unknown}
Potions
 h - a potion of cancellation {unknown}
 k - a potion of haste {unknown}
 l - a potion of mutation {unknown}
Books
 c - a book of Changes

   Spells                             Type                      Level
   a - Beastly Appendage              Transmutation                1
   b - Sticks to Snakes               Transmutation                2
   c - Spider Form                    Transmutation/Poison         3
   d - Ice Form                       Ice/Transmutation            4
   e - Blade Hands                    Transmutation                5
Comestibles
 d - 2 bread rations
 j - a chunk of flesh
 n - 3 fruits


   Skills:
 - Level 1.1 Fighting
 - Level 2.6 Dodging
 - Level 3.2 Unarmed Combat
 + Level 2.3 Spellcasting
 * Level 6.5 Transmutations
 + Level 2.2 Poison Magic


You had 4 spell levels left.
You knew the following spells:

 Your Spells              Type           Power        Failure   Level  Hunger
a - Beastly Appendage     Tmut           ###...       1%          1    #......
b - Spider Form           Tmut/Pois      ##........   12%         3    ###....


Dungeon Overview and Level Annotations

Branches:
Dungeon (4/15)
 Temple: D:4-7

Altars:
Ru
Xom

Shops:
D:4 *=

Annotations:
D:2 Robin


Innate Abilities, Weirdness & Mutations

You revert to your normal form in water.
You are very nimble and swift while swimming.
You are very stealthy in the water. (Stealth+)
You have a pair of horns on your head.


Message History

Robin is moderately wounded.
Robin hits you with a mace of crushing.
* * * LOW HITPOINT WARNING * * *
You hit Robin.
Robin is heavily wounded.
Robin barely misses you.
You completely miss Robin.
Robin is heavily wounded.
You hit Robin.
Robin is almost dead.
Robin throws the goblin at you!
* * * LOW HITPOINT WARNING * * *
The goblin unwields an uncursed hunting sling.
The goblin wields an uncursed club.
The goblin hits you with an uncursed club.
* * * LOW HITPOINT WARNING * * *
As you read the scroll labeled GIS ZORIRPHIRUT, it crumbles to dust.
It is a scroll of enchant armour.
Your +0 robe glows green for a moment.
Robin hits you with a mace of crushing!
You die...

#.# . #.# .#### #.# #...#
.#######.. #...#
.(.......... ....#
.....####### #..$.
......# #g#.##......# . #
#@#.#.......######
....#.##g#.#.......#.....
..gggS)(...........######
#..g#.##...........#.....
. # #.....#...#.#.....
.##.#.#.#####.#####.
......#.............
...........###.#####.
#..........###.# #.


You could see Robin and a goblin.

Vanquished Creatures
  Jessica (D:2)
  2 worker ants (D:4)
  4 adders (D:2)
  An ooze (D:2)
  3 worms (D:2)
  3 dart slugs
  9 bats
  A giant cockroach (D:2)
  10 goblins
  8 hobgoblins
  4 jackals (D:1)
  9 kobolds
  2 quokkas (D:2)
  A ball python (D:1)
  A frilled lizard (D:2)
  2 rats (D:1)
61 creatures vanquished.

Notes
Turn   | Place    | Note
-------+----------+-------------------------------------------
     0 | D:1      | zhorgal the Merfolk Transmuter began the quest for the Orb.
     0 | D:1      | Reached XP level 1. HP: 15/15 MP: 3/3
    33 | D:1      | Reached skill level 3 in Transmutations
   208 | D:1      | Reached XP level 2. HP: 13/21 MP: 5/5
   684 | D:1      | Reached skill level 4 in Transmutations
   818 | D:1      | Found a shimmering altar of Xom.
  1004 | D:1      | Reached XP level 3. HP: 26/26 MP: 6/6
  1009 | D:1      | Learned a level 3 spell: Spider Form
  1496 | D:2      | Noticed Jessica
  1519 | D:2      | Killed Jessica
  1519 | D:2      | Reached skill level 5 in Transmutations
  1519 | D:2      | Reached skill level 1 in Poison Magic
  1519 | D:2      | Reached XP level 4. HP: 23/32 MP: 5/7
  2258 | D:2      | Found a sacrificial altar of Ru.
  2376 | D:2      | You fall through a shaft for 2 floors!
  2402 | D:4      | Found Zyoday's Jewellery Boutique.
  2417 | D:4      | Reached skill level 6 in Transmutations
  2417 | D:4      | Reached XP level 5. HP: 31/37 MP: 6/8
  2499 | D:4      | Found Naodah's General Store.
  2622 | D:2      | Noticed Robin
  2660 | D:2      | Slain by Robin

Vault maps used:
D:1:      minmay_arrival_up_and_down, xom_teletrap_fun
D:2:      overflow_temple_1_default, marbit_many_paths, minmay_tetromino_s2,
          uniq_robin, uniq_jessica
D:3:      lemuel_doored_altar, first_bread
D:4:      serial_shops, shop, shop_fountains, nicolae_shop_waterfront

Skill      XL: |  1  2  3  4  5 |
---------------+----------------+-----
Transmutations | 3 4 5 6 |  6.5
Poison Magic   | 1 2 |  2.2
Fighting       | |  1.1
Dodging        | |  2.6
Unarmed Combat | |  3.2
Spellcasting   | |  2.3

Action                   |  1- 3 |  4- 6 || total
-------------------------+-------+-------++-------
Melee: Unarmed           |    63 |       ||    63
       Punch             |     2 |       ||     2
       Dagger            |    21 |   104 ||   125
       Headbutt          |     1 |     7 ||     8
 Cast: Beastly Appendage |     2 |     7 ||     9
  Use: Scroll            |       |     3 ||     3
 Stab: Sleeping          |     1 |     2 ||     3
  Eat: Chunk             |     2 |     4 ||     6
Armor: Robe              |    17 |     8 ||    25
Dodge: Dodged            |    59 |    80 ||   139
